AoeStats
← [ExIT] Sawyer

Golden Pit

509172882Analyzed
1v1 RM · 7d ago on Sep 25, 2026· 74m 49s· 2 players
Game mode
Random Map
Map size
Tiny (2 player)
Population
200
Speed
Normal
Resources
Standard
Victory
Conquest
Starting age
Dark Age
Ending age
Imperial Age
RankedLock teamsTeams togetherTeam positionsShared explorationLock speedFull tech treeHidden civsTurbo modeCheats
Victory
Defeat
🇨🇱 Spanish · Chile
1417
+16
🇩🇪 Saxons · Germany
1420
-16
KANDK | Exzeliorth
9:08 Loom
10:55 Feudal Age
15:17 Castle Age
14:49 Stone Mining
22:27 Fletching
23:09 Double-Bit Axe
24:58 Elite Skirmisher
25:40 Padded Archer Armor
28:03 Ballistics
28:07 Town Watch
29:55 Horse Collar
30:30 Bow Saw
30:13 Gold Mining
31:02 Murder Holes
32:02 Bloodlines
33:43 Husbandry
34:00 Bodkin Arrow
36:14 Masonry
37:30 Thumb Ring
42:07 Imperial Age
40:13 Leather Archer Armor
40:54 Wheelbarrow
42:36 Heavy Plow
42:53 Bracer
43:54 Chemistry
42:36 Man-at-Arms
43:17 Squires
43:25 Scale Mail Armor
43:35 Forging
43:27 Gambesons
43:24 Long Swordsman
44:53 Chain Mail Armor
44:19 Two-Handed Swordsman
47:31 Ring Archer Armor
47:47 Plate Mail Armor
49:30 Two-Man Saw
52:44 Champion
55:06 Hand Cart
59:52 Light Cavalry
62:26 Iron Casting
62:08 Arson
63:30 Architecture
63:07 Pikeman
66:59 Halberdier
68:42 Blast Furnace
68:20 Hoardings
68:05 Cavalier
68:57 Scale Barding Armor
69:40 Conscription
68:55 Capped Ram
70:43 Siege Ram
71:58 Chain Barding Armor
73:17 Plate Barding Armor
[ExIT] Sawyer
7:40 Loom
9:56 Feudal Age
10:19 Man-at-Arms
11:39 Horse Collar
11:47 Double-Bit Axe
18:46 Castle Age
22:01 Fletching
26:57 Padded Archer Armor
28:32 Scale Mail Armor
29:05 Bodkin Arrow
30:32 Forging
30:38 Chain Mail Armor
30:32 Squires
30:23 Arson
32:04 Iron Casting
32:37 Ballistics
37:42 Imperial Age
39:07 Bow Saw
39:27 Bloodlines
39:23 Bracer
43:08 Wheelbarrow
44:08 Plate Mail Armor
47:17 Gold Mining
47:17 Stone Mining
46:55 Cranequins
47:07 Heavy Mounted Crossbowman
48:05 Leather Archer Armor
48:09 Town Watch
48:40 Hand Cart
48:59 Conscription
50:55 Shield Wall
51:42 Elite Hearth Troop
59:35 Cavalier
60:15 Husbandry
60:24 Scale Barding Armor
59:46 Light Cavalry
60:55 Hussar
63:04 Chain Barding Armor
63:15 Ring Archer Armor
68:08 Elite Skirmisher
Connection lost

Rejoining the realm…

Still unreachable

The connection could not be restored.

Session expired

The server has moved on; the page needs a fresh start.